 Dungeon Crawl Stone Soup version 0.22-a0-252-gcace5d2 (webtiles) character file.

2 Amnesiac the Ducker (level 1, -1/11 HPs)
             Began as a Spriggan Fighter on Mar 2, 2018.
             Slain by a rat (3 damage)
             ... on level 2 of the Dungeon.
             The game lasted 00:00:25 (89 turns).

Amnesiac the Ducker (Spriggan Fighter)                Turns: 89, Time: 00:00:26

Health: -1/11      AC:  2    Str: 12    XL:     1   Next: 33%
Magic:  2/2        EV: 19    Int:  9    God:
Gold:   0          SH:  6    Dex: 15    Spells: 0/0 levels left

rFire    . . .     SeeInvis +   a - +0 long sword
rCold    . . .     Gourm    .   c - +0 buckler
rNeg     . . .     Faith    .   b - +0 robe
rPois    .         Spirit   .   (helmet restricted)
rElec    .         Reflect  .   (no cloak)
rCorr    .         Harm     .   (gloves unavailable)
MR       .....                  (boots unavailable)
Stlth    +.........             (no amulet)
HPRegen  0.03/turn              (no ring)
MPRegen  0.08/turn              (no ring)

@: very quick
A: very small, unfitting armour, see invisible, herbivore, speed 3, slow
metabolism 2
a: no special abilities


You were on level 2 of the Dungeon.
You were not hungry.

You visited 1 branch of the dungeon, and saw 2 of its levels.

Inventory:

Hand Weapons
 a - a +0 long sword (weapon)
Armour
 b - a +0 robe (worn)
 c - a +0 buckler (worn)
Scrolls
 g - a scroll of magic mapping {!r, unknown}
Potions
 d - 2 potions of might {!q}
 e - a potion of agility {!q, unknown}
 h - a potion of flight {!q, unknown}
Comestibles
 f - 2 rations


   Skills:
 - Level 2.4 Fighting
 + Level 1.8 Long Blades
 - Level 4.4 Dodging
 - Level 2.1 Shields


You couldn't memorise any spells.
You didn't know any spells.

Dungeon Overview and Level Annotations

Branches:
Dungeon (2/15)

Altars:


Innate Abilities, Weirdness & Mutations

You are very small and have problems with some larger weapons.
You are too small for most types of armour.
You have supernaturally acute eyesight. (SInv)
You are a herbivore.
You cover ground extremely quickly.
You need consume almost no food.


Message History

You block the hobgoblin's attack.
There is a stone staircase leading down here.
Things that are here:
a dagger; a kobold corpse You barely miss the hobgoblin.
The hobgoblin is moderately wounded.
The hobgoblin hits you with a club. x2
* * * LOW HITPOINT WARNING * * *
You block the hobgoblin's attack.
A bat comes into view.
Found a potion of might.
Found a scroll labeled HACO ZASUN and a ring mail.
The bat misses you. The bat misses you.
Found a ration.
You see here a scroll labeled HACO ZASUN {!r}.
g - a scroll labeled HACO ZASUN {!r} The bat barely misses you.
You riposte.
You closely miss the bat.
A kobold comes into view.
The bat completely misses you.
The kobold shouts!
You block the bat's attack. The bat closely misses you.
The bat hits you but does no damage.
You see here a potion of might {!q}.
d - 2 potions of might {!q} (gained 1)
You block the bat's attack.
The kobold throws a stone.
The stone hits you.
* * * LOW HITPOINT WARNING * * *
You see here a stone.
You see here a ration.
f - 2 rations (gained 1)
The bat closely misses you.
You riposte.
You hit the bat.
The bat is severely wounded.
The kobold barely misses you. The bat completely misses you.
You riposte.
You closely miss the bat.
The bat is severely wounded.
The bat closely misses you.
You riposte.
You closely miss the bat.
The bat is severely wounded.
The kobold barely misses you. You block the bat's attack.
Found a bubbling red potion.
The bat completely misses you. The bat misses you.
You riposte.
You hit the bat.
You kill the bat!
The kobold throws a stone.
You block the stone.
You see here a stone.
The kobold throws a stone.
The stone hits you but does no damage.
You see here a stone.
You see here a bubbling red potion {!q}.
h - a bubbling red potion {!q}
Found a dagger.
There is a stone staircase leading down, spattered with blood here.
Things that are here:
a dagger; a kobold corpse You climb downwards.
A rat, a quokka and a goblin come into view.
The goblin shouts!
You hear an angry hiss.
There is a stone staircase leading up here.
You closely miss the rat. The rat completely misses you.
An adder comes into view.
Your shield prevents you from hitting the rat.
The rat misses you.
You riposte.
You barely miss the rat. The rat bites you.
You die...

## ########..g
#######..........
+.....r.S...g...r
###..##@#<.....#
# #.######.# #..
####


You could see an adder, a goblin and a rat.

Vanquished Creatures
  2 bats (D:1)
  A kobold (D:1)
3 creatures vanquished.

Notes
Turn   | Place    | Note
-------+----------+-------------------------------------------
     0 | D:1      | Amnesiac the Spriggan Fighter began the quest for the Orb.
     0 | D:1      | Reached XP level 1. HP: 11/11 MP: 2/2
    89 | D:2      | Slain by a rat

Vault maps used:
D:1:      dpeg_arrival_tiny_a
D:2:      nicolae_ru_the_path_less_chosen, yredelemnul_altar_generic

Action                   || total
-------------------------++-------
Melee: Long sword        ||    13
Armor: Robe              ||     1
Dodge: Dodged            ||    30
Block: Buckler           ||    10
       Rpst.: Long sword ||     9

Table legend:
 A = Spawn XP
 B = Non-spawn XP
 C = Spawn XP percentage of total XP
 D = Spawn monster count
 E = Non-spawn monster count
 F = Spawn count percentage of total count
 G = Total turns spent on level
                    A         B        C        D         E        F      G
               +---------+---------+-------+---------+---------+-------+---------
         Total |       0 |       4 |   0.0 |       0 |       3 |   0.0 |    89
               +---------+---------+-------+---------+---------+-------+---------
           D:1 |       0 |       4 |   0.0 |       0 |       3 |   0.0 |    84
               +---------+---------+-------+---------+---------+-------+---------
